 Dungeon Crawl Stone Soup version 0.27-a0-217-gcee7053 (webtiles) character file.

Game seed: 12214284735499066737

340 Toastz the Chopper (level 6, -16/56 HPs)
             Began as a Hill Orc Monk on Jan 28, 2021.
             Blown up by Ijyb (20 damage)
             ... with a mindburst bolt
             ... on level 4 of the Dungeon on Jan 31, 2021.
             The game lasted 00:25:18 (3984 turns).

Toastz the Chopper (Hill Orc Monk)                  Turns: 3984, Time: 00:25:19

Health: -16/56     AC:  8    Str: 16    XL:     6   Next: 56%
Magic:  6/6        EV:  8    Int: 10    God:
Gold:   144        SH:  8    Dex: 13    Spells: 5/5 levels left

rFire    . . .     SeeInvis .   b - +0 hunting sling
rCold    . . .     Faith    .   i - +0 kite shield
rNeg     . . .     Spirit   .   w - +0 scale mail
rPois    .         Reflect  .   (no helmet)
rElec    .         Harm     .   (no cloak)
rCorr    .         Rampage  .   (no gloves)
Will     .....                  m - +0 pair of boots
Stlth    +.........             (no amulet)
HPRegen  0.18/turn              (no ring)
MPRegen  0.10/turn              (no ring)

@: no status effects
A: no striking features
a: no special abilities


You were on level 4 of the Dungeon.
You visited 1 branch of the dungeon, and saw 4 of its levels.

You collected 144 gold pieces.

Inventory:

Hand Weapons
 a - a +0 war axe
 b - a +0 hunting sling (weapon)
Missiles
 e - 41 stones
 t - 15 sling bullets (quivered ammo)
Armour
 i - a +0 kite shield (worn)
 m - a +0 pair of boots (worn)
 w - a +0 scale mail (worn)
Wands
 s - a wand of polymorph (11)
Scrolls
 h - 2 scrolls of teleportation
 j - 4 scrolls of remove curse
 k - a scroll of fog {unknown}
 n - a scroll of fear {unknown}
 o - 2 scrolls of amnesia
 q - a scroll of random uselessness {unknown}
 u - 2 scrolls of enchant weapon
Potions
 c - a potion of magic
 f - a potion of curing
 l - a potion of mutation
 v - a potion of attraction


   Skills:
 + Level 5.3 Fighting
 + Level 5.8 Axes
 + Level 3.2 Armour
 - Level 2.4 Dodging
 - Level 2.5 Stealth
 + Level 2.1 Shields


You had 5 spell levels left.
You didn't know any spells.
Your spell library was empty.

Dungeon Overview and Level Annotations

Branches:
Dungeon (4/15)
 Temple: D:4-7

Altars:

Annotations:
D:4 Ijyb


Message History

e - 41 stones (gained 1) Ijyb the Twisted Goblin comes into view.
She is wearing a +3 ring mail of fire resistance and carrying a wand of mindburst (18).
Ijyb shouts!
You hear a bark!
You hear a shout!
Ijyb zaps a wand.
You barely resist.
You see here 2 stones.
b - a +0 hunting sling (weapon)
Ijyb zaps a wand.
Your mind is blasted!
You shoot a sling bullet.
The sling bullet hits Ijyb but does no damage.
Ijyb zaps a wand.
Your mind is blasted!
Ouch! That really hurt!
* * * LOW HITPOINT WARNING * * *
As you read the scroll of teleportation, it crumbles to dust.
You feel strangely unstable. Ijyb screams, "I cut your head off!"
An ogre comes into view. It is wielding a +0 giant spiked club.
Your surroundings suddenly seem different.
Found 2 javelins and a scroll labelled BUATZELAOLL.
Ijyb zaps a wand.
Your mind is blasted!
You die...

### . ... ..###
... .....## .?#
..(#... #.##
.....#.###...##
#...@...(..#
####..O.#..#
##..(....#
##g##.... #.# ...
#(# ... #.####...
#########........
........†..###...


You could see an ogre and Ijyb.

Vanquished Creatures
  A scorpion (D:4)
  A bullfrog skeleton (D:4)
  2 orc wizards (D:3)
  A worker ant (D:4)
  8 adders
  3 oozes
  5 worms
  2 dart slugs
  2 leopard geckos
  4 orcs (D:3)
  4 giant cockroaches
  11 goblins
  9 hobgoblins
  A quokka (D:2)
  4 ball pythons (D:1)
  9 bats
  A frilled lizard (D:1)
  6 kobolds
  8 rats
82 creatures vanquished.

Notes
Turn   | Place    | Note
-------+----------+-------------------------------------------
     0 | D:1      | Toastz the Hill Orc Monk began the quest for the Orb.
     0 | D:1      | Reached XP level 1. HP: 19/19 MP: 1/1
   337 | D:1      | Reached XP level 2. HP: 27/27 MP: 2/2
   451 | D:1      | Reached skill level 1 in Armour
   597 | D:1      | Reached XP level 3. HP: 33/33 MP: 3/3
  1799 | D:2      | Reached XP level 4. HP: 37/40 MP: 4/4
  2110 | D:2      | Reached skill level 5 in Axes
  2390 | D:2      | Upgraded the game from 0.27-a0-169-gd3d0dda to
                  | 0.27-a0-170-g607d9e9
  2723 | D:3      | Reached XP level 5. HP: 25/47 MP: 5/5
  3071 | D:3      | Upgraded the game from 0.27-a0-170-g607d9e9 to
                  | 0.27-a0-217-gcee7053
  3076 | D:3      | Reached skill level 1 in Shields
  3333 | D:3      | Reached skill level 5 in Fighting
  3802 | D:4      | Reached XP level 6. HP: 53/56 MP: 6/6
  3976 | D:4      | Noticed Ijyb
  3984 | D:4      | Blown up by Ijyb

Illustrated notes

Levels and vault maps discovered:
D:1:      psy_arrival_dodecagon, layout_loops_ring, serial_forest,
          infiniplex_forest_clump_tiny, infiniplex_forest_lined_corner,
          infiniplex_forest_end_1, infiniplex_forest_lined_2,
          infiniplex_forest_corner_1
D:2:      layout_loops_ring
D:3:      layout_basic
D:4:      layout_rooms, minmay_temple_entry_mini_moons, serial_shops, shop,
          uniq_ijyb

Skill      XL: |  1  2  3  4  5  6 |
---------------+-------------------+-----
Armour         | 1 2 3 |  3.2
Fighting       | 4 5 |  5.3
Stealth        | 2 |  2.5
Axes           | 5 |  5.8
Shields        | 1 2 |  2.1
Dodging        | |  2.4

Action                   |  1- 3 |  4- 6 || total
-------------------------+-------+-------++-------
Melee: Hand axe          |   146 |    41 ||   187
       War axe           |       |    44 ||    44
 Fire: Hunting sling     |     5 |    38 ||    43
Throw: Stone             |    83 |    67 ||   150
  Use: Scroll            |     4 |     6 ||    10
       Potion            |       |     1 ||     1
Armor: Robe              |     2 |       ||     2
       Leather armour    |    35 |    14 ||    49
       Ring mail         |       |    12 ||    12
       Scale mail        |       |     7 ||     7
Dodge: Dodged            |   100 |    53 ||   153
Block: Kite shield       |       |    21 ||    21

Table legend: (Time is in decaauts)
 A = Elapsed time spent in this place.
 B = Non-inter-level travel time spent in this place.
 C = Inter-level travel time spent in this place.
 D = Time resting spent in this place.
 E = Time spent auto-exploring this place.
 F = Levels seen in this place.
 G = Mean time per level.
                   A        B        C        D        E       F      G
               +--------+--------+--------+--------+--------+-----+--------+
         Total |   4053 |   3896 |    157 |    978 |   2125 |   4 | 1013.2 |
       Dungeon |   4053 |   3896 |    157 |    978 |   2125 |   4 | 1013.2 |
               +--------+--------+--------+--------+--------+-----+--------+

Top non-repeatable levels by time:
     D:2: 1646 daAuts
     D:3: 1116 daAuts
     D:1: 1086 daAuts
     D:4: 203 daAuts
